 Dungeon Crawl Stone Soup version 0.29.1-1-gd02db6906a (webtiles) character file.

Game seed: 11847812369765952541

246710 experimilk the Warrior (level 18, -12/169 HPs)
             Began as a Palentonga Fighter on Sept 21, 2022.
             Was a High Priest of Okawaru.
             Mangled by a +3 triple sword of distortion (23 damage)
             ... on level 2 of the Elven Halls on Sept 22, 2022.
             The game lasted 02:08:17 (53471 turns).

experimilk the Warrior (Palentonga Fighter)        Turns: 53471, Time: 02:08:19

Health: -12/169    AC: 47    Str: 35    XL:     18   Next: 80%
Magic:  22/22      EV:  6    Int:  5    God:    Okawaru [*****.]
Gold:   741        SH:  0    Dex: 14    Spells: 17/17 levels left

rFire   + + .      SeeInvis +   a - +10 hand axe of the Other Side {freeze, rCorr Int-5 Dex+4}
rCold   + + .      Faith    .   x - +1 kite shield {AC+3}
rNeg    . . .      Spirit   .   R - +2 crystal plate armour {rC+}
rPois   +          Reflect  +   n - +0 helmet of the Stone Wall {Will+}
rElec   .          Harm     .   F - scarf {rC+ rF+}
rCorr   +          Rampage  .   V - +2 pair of gloves of the Worm {Str+7 SInv}
Will    ++...      Rage     3%  X - +3 barding {rF+}
Stlth   ..........              k - amulet of Ostraamok {Reflect SH+5 SInv}
HPRegen 0.38/turn               O - +4 ring of evasion
MPRegen 0.18/turn               B - ring of poison resistance

@: confused, ambrosia-drunk, curled up
A: large, rugged brown scales 3, see invisible, deformed body, roll 1, armoured
tail, reflexive curl, berserk 1, low MP 2
}: 2/15 runes: serpentine, barnacled
a: Rolling Charge, Renounce Religion, Heroism, Finesse, Duel


You were on level 2 of the Elven Halls.
You worshipped Okawaru.
Okawaru was extremely pleased with you.
You visited 7 branches of the dungeon, and saw 31 of its levels.
You also visited: Gauntlet and Ice Cave.

You collected 3809 gold pieces.
You spent 3068 gold pieces at shops.

Inventory:

Hand Weapons
 a - the +10 hand axe of the Other Side (weapon) {freeze, rCorr Int-5 Dex+4}
   (You found it on level 4 of the Dungeon)

   It freezes those it strikes, dealing additional cold damage.
   It can also slow down cold-blooded creatures.
   Int:       It affects your intelligence (-5).
   Dex:       It affects your dexterity (+4).
   rCorr:     It protects you from acid and corrosion.
 b - the +8 whip "Snakebite" {venom, curare, rPois}
   (Okawaru gifted it to you on level 4 of the Shoals)

   It poisons the flesh of those it strikes.
   It occasionally inflicts asphyxiating poison on those it strikes, dealing
   poison damage and causing slowness.
   rPois:     It protects you from poison.
 K - a +6 broad axe
Missiles
 i - 5 throwing nets (quivered)
Armour
 n - the +0 helmet of the Stone Wall (worn) {Will+}
   (You acquired it on level 11 of the Dungeon)

   Will:      It increases your willpower.
 o - the +1 helmet "Usecukluth" {Contam rElec rC+ Dex+4}
   (Okawaru gifted it to you on level 3 of the Snake Pit)

   Dex:       It affects your dexterity (+4).
   rC:        It protects you from cold.
   rElec:     It insulates you from electricity.
   Contam:    It causes magical contamination when unequipped.
 x - a +1 kite shield of protection (worn)
 D - a +2 cloak of preservation
 F - a scarf of resistance (worn)
 R - a +2 crystal plate armour of cold resistance (worn)
 U - a +0 kite shield of poison resistance
 V - the +2 pair of gloves of the Worm (worn) {Str+7 SInv}
   (Okawaru gifted it to you on level 2 of the Lair of Beasts)

   Str:       It affects your strength (+7).
   SInv:      It lets you see invisible.
 X - a +3 barding of fire resistance (worn)
Jewellery
 h - a +6 ring of intelligence
 k - the amulet of Ostraamok (around neck) {Reflect SH+5 SInv}
   (You found it on level 4 of the Shoals)

   [amulet of reflection]

   It reflects blocked missile attacks.
   SInv:      It lets you see invisible.
   SH:        It affects your SH (+5).
 l - a ring of fire
 u - a ring of positive energy
 y - an amulet of the acrobat
 z - an amulet of guardian spirit
 B - a ring of poison resistance (right hand)
 L - a ring of ice
 O - a +4 ring of evasion (left hand)
 W - a ring of ice
Wands
 s - a wand of polymorph (13)
 w - a wand of mindburst (29)
 A - a wand of digging (9)
 C - a wand of roots (29)
 E - a wand of flame (59)
 N - a wand of light (2)
Scrolls
 f - 3 scrolls of teleportation
 p - 2 scrolls of torment
 v - 5 scrolls of poison
 H - 4 scrolls of silence
 I - 2 scrolls of blinking
 J - 7 scrolls of amnesia
 Q - 2 scrolls of magic mapping
 Z - 2 scrolls of fear
Potions
 c - 3 potions of might
 d - 5 potions of invisibility
 e - 2 potions of flight
 g - 13 potions of curing
 m - a potion of brilliance
 q - a potion of haste
 r - 3 potions of lignification
 t - 2 potions of magic
 G - 4 potions of resistance
 P - a potion of berserk rage
 T - 5 potions of attraction
 Y - 4 potions of cancellation
Miscellaneous
 M - a lightning rod (4/4)


   Skills:
 + Level 18.6 Fighting
 - Level 14.5(15.0) Axes
 - Level 6.0(11.1) Maces & Flails
 + Level 15.5 Armour
 + Level 12.9 Shields
 - Level 13.0 Invocations
 - Level 10.0 Evocations


You had 17 spell levels left.
You didn't know any spells.
Your spell library contained the following spells:

 Spells                   Type           Power      Damage    Failure   Level
 Apportation              Tloc           0%         N/A       100%        1
 Foxfire                  Conj/Fire      0%         2x1d4     100%        1
 Magic Dart               Conj           0%         1d3       100%        1
 Necrotise                Necr           0%         1d4       100%        1
 Slow                     Hex            0%         N/A       100%        1
 Blink                    Tloc           0%         N/A       100%        2
 Ensorcelled Hibernation  Hex/Ice        0%         N/A       100%        2
 Poisonous Vapours        Pois/Air       0%         N/A       100%        2
 Searing Ray              Conj           0%         2d4       100%        2
 Sublimation of Blood     Necr           0%         N/A       100%        2
 Wereblood                Tmut           0%         N/A       100%        2
 Confusing Touch          Hex            0%         N/A       100%        3
 Conjure Flame            Conj/Fire      0%         6-21      100%        3
 Gell's Gravitas          Tloc           0%         N/A       100%        3
 Ignite Poison            Fire/Tmut/Pois 0%         N/A       100%        3
 Inner Flame              Hex/Fire       0%         N/A       100%        3
 Mephitic Cloud           Conj/Pois/Air  0%         N/A       100%        3
 Spider Form              Tmut/Pois      0%         N/A       100%        3
 Vampiric Draining        Necr           0%         2d6       100%        3
 Airstrike                Air            0%         2d(0-16)  100%        4
 Anguish                  Hex/Necr       0%         N/A       100%        4
 Corpse Rot               Necr/Pois/Air  0%         N/A       100%        4
 Flame Wave               Conj/Fire      0%         2d4       100%        4
 Fulminant Prism          Conj/Hex       0%         3d6       100%        4
 Petrify                  Tmut/Erth      0%         N/A       100%        4
 Alistair's Intoxication  Tmut/Pois      0%         N/A       100%        5
 Borgnjor's Vile Clutch   Necr/Erth      0%         N/A       100%        5
 Freezing Cloud           Conj/Ice/Air   0%         6-21      100%        5
 Irradiate                Conj/Tmut      0%         3d11      100%        5
 Manifold Assault         Tloc           0%         N/A       100%        5
 Metabolic Englaciation   Hex/Ice        0%         N/A       100%        5
 Eringya's Noxious Bog    Tmut/Pois      0%         N/A       100%        6
 Storm Form               Tmut/Air       0%         N/A       100%        7
 Chain Lightning          Conj/Air       0%         N/A       100%        9
 Fire Storm               Conj/Fire      0%         5d1       100%        9
 Shatter                  Erth           0%         3d5*      100%        9
 Summon Small Mammal      Summ           Unusable   N/A       N/A         1
 Call Canine Familiar     Summ           Unusable   N/A       N/A         3
 Summon Guardian Golem    Hex/Summ       Unusable   N/A       N/A         3
 Summon Mana Viper        Hex/Summ       Unusable   N/A       N/A         5
 Summon Hydra             Summ           Unusable   N/A       N/A         7

Dungeon Overview and Level Annotations

Branches:
Dungeon (13/15)            Temple (1/1) D:4            Lair (5/5) D:9
 Shoals (4/4) Lair:3        Snake (4/4) Lair:3        Slime (0/5) Lair:4
    Orc (2/2) D:11            Elf (2/3) Orc:2        Vaults (0/5) D:13
  IceCv (visited)         Gauntlet (visited)

Altars:
Ashenzari
Cheibriados
Dithmenos
Elyvilon
Fedhas
Gozag
Hepliaklqana
Kikubaaqudgha
Makhleb
Nemelex Xobeh
Okawaru
Qazlal
Ru
Sif Muna
Trog
Uskayaw
Vehumet
Wu Jian
Xom
Yredelemnul
Zin
The Shining One
Lugonu

Shops:
D:2 !   D:5 :::   D:7 *   D:8 *   D:12 (   Orc:1 (?=?   Orc:2 ((*(   Elf:2 *((
Shoals:2 *!   Shoals:3 !   Snake:1 [   Snake:2 [   Snake:4 ?**

Portals:
Abyss: Lair:1 Snake:4

Annotations:
D:3 3 runed translucent doors, CougarLife's ghost, amateur TrFi
D:8 2 transporters, Fractals's ghost, novice GrEE
D:13 exclusion: orange crystal statue, Rupert
Lair:1 2 transporters, holycorn's ghost, journeyman MiBe
Lair:4 exclusion: 3 oklob plants
Shoals:1 exclusion: downstairs
Snake:1 2 transporters, exclusion: orange crystal statue


Innate Abilities, Weirdness & Mutations

You are completely covered in rugged brown scales. (AC +3, +7% HP)
You have supernaturally acute eyesight. (SInv)
Armour fits poorly on your strangely shaped body.
You can roll at nearby foes to attack.
You have a long armoured tail.
You curl defensively after being hit. (AC +7*)
You sometimes lose your temper in combat.
Your magical capacity is very low. (-20% MP)


Message History

You are confused.
You feel invigorated.
You bump into the rock wall.
You bump into the rock wall.
You barely miss the deep elf zephyrmancer.
The deep elf zephyrmancer is heavily wounded.
You hit the +3 triple sword of distortion but do no damage.
The +3 triple sword of distortion barely misses you.
You miss the deep elf zephyrmancer.
The deep elf zephyrmancer is heavily wounded.
You miss the +3 triple sword of distortion.
The deep elf zephyrmancer hits you with a +0 rapier.
* * * LOW HITPOINT WARNING * * *
Unknown command.
You bump into the rock wall.
The +3 triple sword of distortion hits you but does no damage.
The deep elf zephyrmancer points at you and mumbles some strange words.
The bolt of lightning hits you!
* * * LOW HITPOINT WARNING * * *
The bolt of lightning hits you!
* * * LOW HITPOINT WARNING * * *
The +3 triple sword of distortion hits you but does no damage.
You blink.
You're too confused to move!
You barely miss the deep elf zephyrmancer.
The deep elf zephyrmancer is heavily wounded.
The deep elf zephyrmancer casts a spell at you.
The bolt of lightning hits you!
* * * LOW HITPOINT WARNING * * *
The bolt of lightning misses you.
The bolt of lightning hits the deep elf zephyrmancer!!!
The deep elf zephyrmancer dies!
You slice the +3 triple sword of distortion!!
You freeze the +3 triple sword of distortion.
Your tail-slap misses the +3 triple sword of distortion.
The +3 triple sword of distortion is severely damaged.
The +3 triple sword of distortion hits you!
* * * LOW HITPOINT WARNING * * *
Space warps horribly around you!!
You die...

....#|....#.)...).).....#
##...
...)#.....)}............#
##....
..........#......)......#
#.....
##.###.##.##.).........##
#..... ##.#
#.##.##.....).....# #.#..#
...# #.#...##.........##
#.##.# ...###..#######....)###
#.##.# #.......### #..(.....#
#.#### ....###≈≈≈## ##.@))####
##.##.' #.####≈≈≈≈≈#
##.#)########.....' ..#
#≈≈∩~≈# ##).........#.#### ..#
#≈~.≈≈# ##.#)######.###.###
### ##~.~##
##.##)#####.#####.## #
##.....###..........## #.##.#
#.......#..........## #.###.
#..#.#.#.#.......)..## #.##.#
##..#.#.#.#...........###.#.##


You could see a +3 triple sword of distortion.

Vanquished Creatures
  Vashnia (Snake:4)
  Nikola (Snake:2)
  Mlioglotl (Arena)
  Polyphemus (Arena)
  A kraken (Shoals:4)
  Donald (Shoals:1)
  2 nagarajas
  Ilsuiw (Shoals:2)
  A deep elf sorcerer (Elf:1)
  Aizul (Snake:2)
  A frost giant (IceCv)
  The ghost of CougarLife the Spry, a journeyman FeSu of Gozag (Snake:3)
  A minotaur (Gauntlet)
  A deep elf annihilator (Elf:2)
  4 deep elf death magi (Elf:1)
  14 merfolk impalers
  4 merfolk javelineers
  A deep elf high priest (Elf:1)
  A boulder beetle (D:13)
  A salamander tyrant (Snake:4)
  4 hydras
  4 merfolk avatars
  4 catoblepae
  A centaur warrior (D:13)
  A two-headed ogre (shapeshifter) (Elf:2)
  A merfolk aquamancer (Shoals:2)
  4 death scarabs (Gauntlet)
  14 anacondas
  2 two-headed ogres
  4 satyrs
  15 naga warriors
  23 dancing weapons
  17 death yaks
  9 shock serpents
  5 orc high priests (Orc:2)
  13 naga sharpshooters
  Urug (D:13)
  11 deep elf knights
  A soul eater (Gauntlet)
  A wretched star (Gauntlet)
  2 spectral death yaks (Gauntlet)
  Lodul (D:13)
  7 sea snakes
  7 salamander mystics
  A lindwurm (shapeshifter) (Elf:2)
  A spectral hydra (Gauntlet)
  9 naga ritualists
  9 deep elf archers
  6 harpies
  An orc knight (Orc:1)
  7 mana vipers
  13 deep elf pyromancers
  20 deep elf zephyrmancers
  3 orc sorcerers
  An oklob plant (Lair:4)
  5 fauns
  5 cyclopes
  10 manticores
  21 salamanders
  A salamander (shapeshifter) (Elf:2)
  53 black mambas
  7 merfolk sirens
  3 water nymphs
  A gargoyle (D:7)
  3 guardian serpents
  9 naga magi
  6 cane toads
  An ice statue (IceCv)
  7 rime drakes
  7 komodo dragons
  Maggie (D:10)
  A kobold demonologist (D:9)
  7 wind drakes
  6 trolls
  27 merfolk
  5 polar bears (IceCv)
  17 blink frogs
  8 snapping turtles
  7 dream sheep
  An air elemental (Elf:1)
  81 yaks
  A vampire (D:12)
  4 wraiths
  6 water elementals
  2 wyverns
  A basilisk (Lair:2)
  A shadow (D:12)
  A fire elemental (Elf:2)
  12 humans (D:13)
  A spectral komodo dragon (Gauntlet)
  A steam dragon (D:10)
  A neqoxec (Gauntlet)
  5 vampire mosquitoes
  2 spectral cane toads (Gauntlet)
  2 wargs (Orc:2)
  49 nagas
  A swamp worm (shapeshifter) (Elf:2)
  An acid dragon (D:9)
  10 water moccasins
  14 orc warriors
  2 ice beasts (D:6)
  2 black bears (shapeshifter)
  3 black bears
  A tengu (shapeshifter) (Elf:2)
  10 ogres
  3 centaurs
  19 wolves
  2 kobold brigands (D:9)
  14 bullfrogs
  2 scorpions
  An earth elemental (Elf:1)
  12 wights
  4 killer bees (D:10)
  A howler monkey (D:10)
  An electric eel (Lair:4)
  2 jellies
  30 orc priests
  A hound (D:5)
  A gnoll bouda (D:9)
  Ijyb (D:4)
  An iguana (shapeshifter) (Elf:2)
  3 iguanas
  26 orc wizards
  6 hell rats (Lair:4)
  13 gnolls
  10 adders
  A gnoll (shapeshifter) (Elf:2)
  3 shadow imps (Gauntlet)
  2 white imps (D:6)
  An ufetubus (D:5)
  2 worms
  3 dart slugs
  51 orcs
  9 endoplasms
  6 giant cockroaches
  6 hobgoblins
  4 jackals (D:5)
  3 quokkas
  9 ball pythons
  3 bats (D:3)
  4 frilled lizards
  3 goblins
  8 kobolds
  5 rats
  A lurking horror (Snake:4)
  A plant (Shoals:3)
  A tentacle (Shoals:4)
975 creatures vanquished.

Vanquished Creatures (others)
  2 deep elf knights
  A deep elf pyromancer (Elf:2)
  4 deep elf zephyrmancers
  A merfolk (Shoals:4)
  A golden eye (shapeshifter) (Elf:1)
  A human simulacrum (D:13)
  A demonic plant (Gauntlet)
  27 fungi
  94 plants
  6 tentacles (Shoals:4)
138 creatures vanquished.

Grand Total: 1113 creatures vanquished

Notes
Turn   | Place    | Note
-------+----------+-------------------------------------------
     0 | D:1      | experimilk the Palentonga Fighter began the quest for the
                  | Orb.
     0 | D:1      | Reached XP level 1. HP: 19/19 MP: 1/1
   393 | D:1      | Reached XP level 2. HP: 25/25 MP: 2/2
   919 | D:1      | Found a faded altar of an unknown god.
   931 | D:1      | Reached XP level 3. HP: 31/31 MP: 3/3
  1635 | D:2      | Found Qeedgh's Distillery.
  1645 | D:2      | Bought a potion of curing for 33 gold pieces
  1779 | D:2      | Reached XP level 4. HP: 24/37 MP: 4/4
  2614 | D:3      | Found a runed translucent gate.
  2614 | D:3      | Found a runed translucent gate.
  2614 | D:3      | Found a runed translucent gate.
  2614 | D:3      | Noticed CougarLife's ghost (amateur TrFi)
  2718 | D:3      | Reached skill level 5 in Maces & Flails
  2725 | D:3      | Reached XP level 5. HP: 4/43 MP: 5/5
  3265 | D:3      | Identified the +8 dagger of Ethereal Watchfulness {vamp,
                  | +Blink rC+}
  3890 | D:4      | Identified the +10 hand axe of the Other Side {freeze,
                  | rCorr Int-5 Dex+4}
  4070 | D:4      | Noticed Ijyb
  4073 | D:4      | Killed Ijyb
  4074 | D:4      | Reached skill level 1 in Axes
  4411 | D:4      | Found a staircase to the Ecumenical Temple.
  4425 | Temple   | Entered the Ecumenical Temple
  4569 | Temple   | Became a worshipper of Warmaster Okawaru
  4839 | D:5      | Entered Level 5 of the Dungeon
  4953 | D:5      | Noticed a black bear
  4957 | D:5      | Killed a black bear
  4958 | D:5      | Reached XP level 6. HP: 50/50 MP: 6/6
  5094 | D:5      | Found Geihod's Book Boutique.
  5352 | D:5      | Found Raorhemn's Book Shop.
  5355 | D:5      | Reached * piety under Okawaru
  5356 | D:5      | Gained mutation: You curl defensively after being hit. (AC
                  | +7*) [Palentonga growth]
  5356 | D:5      | Reached XP level 7. HP: 37/55 MP: 7/7
  5363 | D:5      | Reached skill level 5 in Axes
  5581 | D:5      | Found Wushrul's Book Shop.
  5714 | D:6      | Identified the +1 ring mail "Ycojess" {rPois rF- Regen+
                  | Str+4}
  5737 | D:6      | Reached skill level 1 in Invocations
  5771 | D:6      | Reached XP level 8. HP: 61/62 MP: 9/9
  5791 | D:6      | Reached ** piety under Okawaru
  5861 | D:6      | Found a broken altar of Ashenzari.
  6300 | D:7      | Reached skill level 1 in Evocations
  7072 | D:7      | Found Fashest's Fire Supplies.
  7075 | D:7      | Noticed a gargoyle
  7078 | D:7      | Killed a gargoyle
  7090 | D:7      | Bought a wand of flame (11) for 107 gold pieces
  7200 | D:2      | Bought a potion of heal wounds for 55 gold pieces
  7200 | D:2      | Bought a potion of resistance for 110 gold pieces
  7460 | D:8      | Reached XP level 9. HP: 67/67 MP: 9/12
  7463 | D:8      | Reached skill level 5 in Invocations
  7469 | D:8      | Reached *** piety under Okawaru
  7825 | D:8      | Reached skill level 10 in Axes
  8231 | D:8      | Reached **** piety under Okawaru
  8401 | D:8      | Found a snail-covered altar of Cheibriados.
  8415 | D:8      | Reached XP level 10. HP: 74/74 MP: 14/14
  8432 | D:8      | Found an ornate altar of the Wu Jian Council.
  8435 | D:8      | Found a transporter.
  8435 | D:8      | Found a transporter.
  8435 | D:8      | Noticed Fractals's ghost (novice GrEE)
  8864 | D:8      | Found Satiase's General Store.
  8872 | D:8      | Bought a scroll of identify for 28 gold pieces
  9171 | D:9      | Found a staircase to the Lair.
  9494 | D:9      | Found a hide-covered altar of Uskayaw.
  9615 | D:9      | Noticed a two-headed ogre
  9624 | D:9      | Killed a two-headed ogre
 10549 | Lair:1   | Entered Level 1 of the Lair of Beasts
 10656 | D:8      | Bought a +0 whip of freezing for 91 gold pieces
 10716 | D:10     | Entered Level 10 of the Dungeon
 10760 | D:10     | Reached ***** piety under Okawaru
 11025 | D:10     | Noticed Maggie
 11031 | D:10     | Killed Maggie
 11032 | D:10     | Reached XP level 11. HP: 80/80 MP: 17/17
 11280 | D:10     | Received a gift from Okawaru
 11290 | D:10     | Reached skill level 4 in Fighting
 12028 | D:11     | Reached skill level 7 in Fighting
 12028 | D:11     | Reached XP level 12. HP: 63/97 MP: 12/20
 12030 | D:11     | Identified a scroll of acquirement
 12030 | D:11     | Acquired the +0 helmet of the Stone Wall {Will+}
 12332 | D:11     | Found a staircase to the Orcish Mines.
 12397 | D:11     | Found a frozen archway.
 12476 | IceCv    | Entered an ice cave
 12616 | IceCv    | Noticed a death yak
 12618 | IceCv    | Noticed a death yak
 12633 | IceCv    | Killed a death yak
 12634 | IceCv    | Reached skill level 8 in Fighting
 12650 | IceCv    | Killed a death yak
 13472 | IceCv    | Noticed a death yak
 13489 | IceCv    | Noticed a death yak
 13496 | IceCv    | Killed a death yak
 13510 | IceCv    | Killed a death yak
 13511 | IceCv    | Reached skill level 5 in Shields
 13977 | IceCv    | Noticed a death yak
 13977 | IceCv    | Noticed a frost giant
 14021 | IceCv    | Killed a frost giant
 14021 | IceCv    | Received a gift from Okawaru
 14066 | IceCv    | Reached skill level 5 in Armour
 14343 | IceCv    | Reached XP level 13. HP: 42/105 MP: 9/22
 14954 | IceCv    | Reached skill level 9 in Fighting
 14974 | IceCv    | Received a gift from Okawaru
 16421 | Lair:1   | Found a one-way gate to the infinite horrors of the Abyss.
 16421 | Lair:1   | Noticed holycorn's ghost (journeyman MiBe)
 16435 | Lair:1   | Found a transporter.
 16807 | Lair:1   | Found a transporter.
 17589 | Lair:2   | Reached skill level 5 in Evocations
 17902 | Lair:2   | Identified the +2 pair of gloves of the Worm {Str+7 SInv}
                  | (Okawaru gifted it to you on level 2 of the Lair of Beasts)
 17902 | Lair:2   | Received a gift from Okawaru
 18456 | Lair:3   | Found a gate leading to a gauntlet.
 18463 | Gauntlet | Entered a Gauntlet
 18463 | Gauntlet | Found a transporter.
 18470 | Gauntlet | Found a transporter.
 18473 | Gauntlet | Found a transporter.
 18474 | Gauntlet | Found a transporter.
 18478 | Gauntlet | Found a runed translucent door.
 18478 | Gauntlet | Found a runed translucent door.
 18482 | Gauntlet | Found a transporter.
 18485 | Gauntlet | Found a transporter.
 18486 | Gauntlet | Found a transporter.
 18492 | Gauntlet | Found a runed translucent gate.
 18492 | Gauntlet | Found a runed translucent gate.
 18492 | Gauntlet | Found a runed translucent gate.
 18494 | Gauntlet | Found a transporter.
 18497 | Gauntlet | Found a transporter.
 18498 | Gauntlet | Found a transporter.
 18506 | Gauntlet | Found a transporter.
 18509 | Gauntlet | Found a transporter.
 18510 | Gauntlet | Found a transporter.
 18522 | Gauntlet | Found a transporter.
 18528 | Gauntlet | Found a runed translucent door.
 18872 | Gauntlet | Reached skill level 10 in Fighting
 19834 | Gauntlet | Noticed a minotaur
 19842 | Gauntlet | Killed a minotaur
 19933 | Gauntlet | Got the Teachings on Lightning and the Voyage
 20098 | Lair:3   | Found a staircase to the Shoals.
 20554 | Lair:3   | Reached XP level 14. HP: 115/118 MP: 21/23
 20557 | Lair:3   | Reached skill level 11 in Fighting
 20619 | Lair:3   | Found a staircase to the Snake Pit.
 21261 | Lair:4   | Found a staircase to the Slime Pits.
 22980 | Lair:5   | Entered Level 5 of the Lair of Beasts
 22995 | Lair:5   | Received a gift from Okawaru
 23551 | Lair:5   | Reached skill level 12 in Fighting
 25400 | Lair:5   | Identified the +1 scale mail of Giaxoma {rCorr Dex+3}
 25708 | Orc:1    | Entered Level 1 of the Orcish Mines
 25708 | Orc:1    | Found Mulleck's Magic Scroll Boutique.
 25773 | Orc:1    | Found Riost's Jewellery Shoppe.
 25776 | Orc:1    | Found Uneamext's Weapon Shoppe.
 26014 | Orc:2    | Entered Level 2 of the Orcish Mines
 26093 | Orc:2    | Reached skill level 13 in Fighting
 26255 | Orc:2    | Gained mutation: You have hidden genetic defects. [a
                  | neqoxec]
 26375 | Orc:2    | Reached ****** piety under Okawaru
 26624 | Orc:2    | Found a staircase to the Elven Halls.
 26720 | Orc:2    | Gained mutation: You occasionally lose the ability to read
                  | scrolls when taking damage. [a neqoxec]
 26730 | Orc:2    | Received a gift from Okawaru
 26796 | Orc:1    | Found Maimeown's Magic Scroll Boutique.
 26871 | Orc:1    | You fall into a shaft and drop 1 floor!
 26871 | Orc:2    | Found Roxzoarpho's Antique Weapon Shop.
 26871 | Orc:2    | Found Diahopuva's Assorted Antiques.
 26877 | Orc:2    | Found Meuk's Antique Weapon Shop.
 26880 | Orc:2    | Found Etirpho's Weapon Boutique.
 27334 | Orc:1    | Bought a scroll of acquirement for 728 gold pieces
 27338 | Orc:1    | Acquired 901 gold pieces
 27346 | Orc:1    | Bought a scroll of magic mapping for 105 gold pieces
 27346 | Orc:1    | Bought a scroll of teleportation for 42 gold pieces
 27346 | Orc:1    | Bought a scroll of teleportation for 42 gold pieces
 27346 | Orc:1    | Bought a scroll of blinking for 105 gold pieces
 27346 | Orc:1    | Bought a scroll of enchant weapon for 105 gold pieces
 27346 | Orc:1    | Bought a scroll of blinking for 105 gold pieces
 27489 | D:5      | Bought a manual of Armour for 800 gold pieces
 27793 | D:12     | Found Wuighevu's Weapon Shop.
 28209 | D:13     | Noticed Rupert
 28209 | D:13     | Noticed Urug
 28209 | D:13     | Found a gate to the Vaults.
 28255 | D:13     | Noticed Lodul
 28280 | D:13     | Killed Lodul
 28281 | D:13     | Reached XP level 15. HP: 132/132 MP: 24/24
 28298 | D:13     | Gained mutation: You occasionally lose the ability to drink
                  | potions when taking damage. [hidden defects]
 28299 | D:13     | Lost mutation: You have hidden genetic defects. [potion of
                  | mutation]
 28299 | D:13     | Lost mutation: You occasionally lose the ability to drink
                  | potions when taking damage. [potion of mutation]
 28299 | D:13     | Gained mutation: You have a pair of small antennae on your
                  | head. [potion of mutation]
 28299 | D:13     | Gained mutation: You have hidden genetic potential. [potion
                  | of mutation]
 28340 | D:13     | Killed Urug
 28725 | D:13     | Reached skill level 10 in Armour
 28941 | D:13     | Paralysed by Rupert for 2 turns
 29692 | Snake:1  | Entered Level 1 of the Snake Pit
 30106 | Snake:1  | Found Iketa's Antique Armour Shop.
 30491 | Snake:1  | Reached skill level 14 in Fighting
 30684 | Snake:1  | Found a transporter.
 30923 | Snake:1  | Lost mutation: You have a pair of small antennae on your
                  | head. [potion of mutation]
 30923 | Snake:1  | Lost mutation: You have hidden genetic potential. [potion
                  | of mutation]
 30923 | Snake:1  | Lost mutation: You occasionally lose the ability to read
                  | scrolls when taking damage. [potion of mutation]
 30923 | Snake:1  | Gained mutation: You are weak. (Str -2) [potion of
                  | mutation]
 30923 | Snake:1  | Gained mutation: You do not regenerate when monsters are
                  | visible. [potion of mutation]
 30924 | Snake:1  | Lost mutation: You are weak. (Str -2) [potion of mutation]
 30924 | Snake:1  | Lost mutation: You do not regenerate when monsters are
                  | visible. [potion of mutation]
 30924 | Snake:1  | Gained mutation: You sometimes lose your temper in combat.
                  | [potion of mutation]
 30924 | Snake:1  | Gained mutation: Your magical capacity is low. (-10% MP)
                  | [potion of mutation]
 30924 | Snake:1  | Gained mutation: Your magical capacity is very low. (-20%
                  | MP) [potion of mutation]
 30980 | Snake:1  | Identified the +2 hat of the Vestibule of Hell {+Blink
                  | Dex+3} (Okawaru gifted it to you on level 1 of the Snake
                  | Pit)
 30980 | Snake:1  | Received a gift from Okawaru
 31153 | Snake:1  | Identified the ring of Fuukatehic {rCorr Int+6 Dex+2}
 31188 | Snake:1  | Found a transporter.
 32327 | Snake:2  | Noticed Aizul
 32341 | Snake:2  | Killed Aizul
 32623 | Snake:2  | Found an ancient bone altar of Kikubaaqudgha.
 32879 | Snake:2  | Identified the +7 rapier of the Pyrrhic Victory {vorpal,
                  | rCorr MP+9 Str-2 Int+8}
 33015 | Snake:2  | Noticed Nikola
 33035 | Snake:2  | Killed Nikola
 33516 | Snake:2  | Found Inirat's Armour Shoppe.
 33561 | Snake:2  | Noticed a nagaraja
 33568 | Snake:2  | Killed a nagaraja
 34917 | Snake:3  | Found a runed translucent gate.
 34919 | Snake:3  | Noticed CougarLife's ghost (journeyman FeSu)
 34958 | Snake:3  | Identified the +8 battleaxe of Contention {flame, Fly
                  | Str+4} (Okawaru gifted it to you on level 3 of the Snake
                  | Pit)
 34958 | Snake:3  | Received a gift from Okawaru
 34968 | Snake:3  | Reached XP level 16. HP: 143/143 MP: 8/20
 35457 | Snake:3  | Reached skill level 15 in Fighting
 36046 | Snake:3  | Identified the +1 helmet "Usecukluth" {Contam rElec rC+
                  | Dex+4} (Okawaru gifted it to you on level 3 of the Snake
                  | Pit)
 36046 | Snake:3  | Received a gift from Okawaru
 36365 | Snake:3  | Found a runed translucent gate.
 36365 | Snake:3  | Found a runed translucent gate.
 36455 | Snake:3  | Killed CougarLife's ghost
 36609 | Snake:3  | Identified the +10 sling of Juonez {venom, rCorr Int+3
                  | Dex-3 Stlth+}
 36697 | Snake:4  | Entered Level 4 of the Snake Pit
 36717 | Snake:4  | Reached skill level 15 in Armour
 36734 | Arena    | Entered the Arena
 37851 | Snake:4  | Found Lassex's Magic Scroll Shop.
 37853 | Snake:4  | Found Aterhiov's General Store.
 37855 | Snake:4  | Found Jocza's General Store.
 39364 | Snake:4  | Received a gift from Okawaru
 39380 | Snake:4  | Noticed Vashnia
 39384 | Snake:4  | HP: 2/145 [naga sharpshooter/arrow (9)]
 39391 | Snake:4  | Found a corrupted altar of Lugonu.
 39452 | Snake:4  | Received a gift from Okawaru
 40119 | Snake:4  | Killed Vashnia
 40204 | Snake:4  | Reached XP level 17. HP: 151/151 MP: 20/20
 40264 | Snake:4  | Reached skill level 10 in Shields
 40958 | Snake:4  | Got a serpentine rune of Zot
 41241 | Snake:2  | Bought a +2 barding of fire resistance for 560 gold pieces
 41332 | Shoals:1 | Entered Level 1 of the Shoals
 41594 | Shoals:1 | Noticed Donald
 41607 | Shoals:1 | Killed Donald
 41613 | Shoals:1 | Reached skill level 16 in Fighting
 41926 | Shoals:1 | You fall into a shaft and drop 1 floor!
 42404 | Shoals:2 | Noticed Mlioglotl
 42410 | Arena    | Entered the Arena
 42433 | Arena    | Killed Mlioglotl
 42757 | Shoals:2 | Noticed Ilsuiw
 42793 | Shoals:2 | Killed Ilsuiw
 43287 | Shoals:2 | Found Zonae's General Store.
 43729 | Shoals:2 | Bought a scroll of fear for 52 gold pieces
 43896 | Shoals:3 | Found Apruf's Distillery.
 44596 | Shoals:3 | Noticed a kraken
 45024 | Shoals:4 | Entered Level 4 of the Shoals
 45142 | Shoals:4 | Reached skill level 17 in Fighting
 45269 | Shoals:4 | Received a gift from Okawaru
 45269 | Shoals:4 | Found the +8 whip "Snakebite" {venom, curare, rPois}
 45776 | Shoals:4 | Identified the amulet of Ostraamok {Reflect SH+5 SInv}
 46123 | Shoals:4 | Noticed Polyphemus
 46130 | Arena    | Entered the Arena
 46138 | Arena    | Killed Polyphemus
 46489 | Shoals:4 | Got Degav's Vellum of Jinxing and Transmigration
 46617 | Shoals:4 | Identified the +7 plate armour "Bedoil" {-Cast +Inv SInv}
 46854 | Shoals:4 | Identified the +10 shortbow "Hysaq" {vorpal, rN+ Str-3
                  | Dex+3}
 47099 | Shoals:4 | Noticed a kraken
 47118 | Shoals:4 | Reached skill level 18 in Fighting
 47125 | Shoals:4 | Reached XP level 18. HP: 99/167 MP: 8/21
 47686 | Shoals:4 | Received a gift from Okawaru
 47707 | Shoals:4 | Got a barnacled rune of Zot
 48451 | Elf:1    | Entered Level 1 of the Elven Halls
 48464 | Elf:1    | Paralysed by an air elemental for 1 turns
 49251 | Elf:1    | You fall into a shaft and drop 1 floor!
 49310 | Elf:2    | Found Boanagy's Weapon Emporium.
 50496 | Elf:1    | Reached skill level 10 in Evocations
 50845 | Elf:2    | Found Keerasch's Assorted Antiques.
 51300 | Elf:2    | Found a runed translucent gate.
 51300 | Elf:2    | Found a runed translucent gate.
 51300 | Elf:2    | Found a runed translucent gate.
 52636 | Elf:2    | Found Motem's Antique Weapon Emporium.
 53471 | Elf:2    | Mangled by a +3 triple sword of distortion

Illustrated notes

Levels and vault maps discovered:
D:1:      tarquinn_simple_flora_water_e, layout_loops_ring,
          hellmonk_ecumenical_altar_arch_garden
D:2:      layout_basic, serial_shops, nicolae_shop_advertising_works
          [nicolae_subvault_shop_adworks], st_stairs_11
D:3:      kennysheep_big_flooded_room, layout_basic, ebering_ghost_rock_garden
D:4:      layout_basic, temple_doors_cd, uniq_ijyb
D:5:      layout_gridville, serial_shops, nicolae_shop_hallway_plus, shop,
          nicolae_diamond_shop
D:6:      layout_rooms, lemuel_coloured_pillars_altar, minmay_misc_feat_square
D:7:      layout_loops_ring, nicolae_shop_fire_sale [nicolae_sub_dead_trees]
D:8:      layout_basic, cheibrodos_worm_habitat, nzn_wu_jian_council_hall,
          gammafunk_ghost_hive, serial_shops, nicolae_shop_behind_doors,
          serial_curves, eino_curves_02, eino_curves_04, eino_curves_03,
          kennysheep_generic_room_9
D:9:      layout_stronghold, overflow_temple_1_default, dpeg_oklobed_lair
D:10:     layout_long_grid, uniq_maggie
D:11:     layout_stronghold, orc_0_dummy, portal_ice_cave_rime,
          kennysheep_generic_room_11
D:12:     layout_cave_pools, serial_shops, nicolae_shop_bloodbath_and_beyond
D:13:     layout_cross, david_vaults_3, serial_park, serial_park_square1
          [serial_park_minivault_5x5_8], serial_park_square1
          [serial_park_minivault_5x5_1], serial_park_gazebo
          [serial_park_minivault_5x5_3], serial_park_tiny_1, serial_park_tiny_1,
          serial_park_tiny_pond, chequers_big_river, minivault_16,
          bh_circular_ruins, uniq_lodul, uniq_josephine, uniq_rupert
Temple:   nicolae_temple_two_arcs
Lair:1:   layout_small_grid, gammafunk_ghost_abyssal_escape, st_stairs_10,
          chequers_serial_rivers_large_a, serial_bayou_shore_b
Lair:2:   layout_regular_city
Lair:3:   layout_concentric_octagons, minmay_shoals_entry_beasts,
          minmay_snake_entry_guardpost_small, gauntlet_entry_generic
Lair:4:   layout_long_grid, minmay_slime_entry_oklob_open, serial_bayou_shore_a
Lair:5:   evilmike_catoblepas_cave, layout_gridlike
Shoals:1: layout_shoals, uniq_donald
Shoals:2: layout_shoals, nicolae_take_the_stairs, uniq_ilsuiw, uniq_mlioglotl
Shoals:3: layout_shoals, serial_shops, nicolae_shop_statue_plus,
          nicolae_shoals_lost_giant_amphitheater
Shoals:4: shoals_end_hangedman, layout_shoals, uniq_polyphemus
Snake:1:  gammafunk_sealed_arena, layout_honeycomb, serial_shops, shop
Snake:2:  layout_gridlike, basic_altar, serial_shops, nicolae_shop_waterfront,
          grunt_megastairs_4, uniq_nikola, uniq_aizul
Snake:3:  layout_cave_town, ebering_ghost_rock_garden, st_stairs_8
Snake:4:  johnstein_snake_rune_scales, layout_basic,
          amcnicky_altar_lugonu_corruption, minmay_shop_star
Orc:1:    layout_caves, serial_shops, shop,
          nicolae_shop_temple_entry_statues_fountains, shop_statue, shop,
          basic_altar, minmay_orc_treasury
Orc:2:    st_orc_mages, layout_caves
Elf:1:    layout_gridlike, minivault_28, nicolae_elf_glass_and_crystal_pillar_2
Elf:2:    elven_hall_of_blades_hangedman_original [nicolae_blade_bullseye],
          layout_loops_cross, serial_shops, nicolae_shop_hallway_stairs, shop,
          nicolae_shop_waterfront, nicolae_elf_shapeshifter_party

Skill      XL: |  1  2  3  4  5  6  7  8  9 10 11 12 13 14 15 16 17 18 |
---------------+-------------------------------------------------------+-----
Maces & Flails | 3 4 5 6 |  6.0
Axes           | 2 4 6 8 11 13 14 | 14.5
Invocations    | 2 4 6 8 11 12 13 | 13.0
Evocations     | 2 3 6 9 10 | 10.0
Fighting       | 7 8 10 13 14 15 18 | 18.6
Shields        | 5 6 8 9 12 | 12.9
Armour         | 5 8 9 14 15 | 15.5

Action                   |  1- 3 |  4- 6 |  7- 9 | 10-12 | 13-15 | 16-18 || total
-------------------------+-------+-------+-------+-------+-------+-------++-------
Melee: Flail             |   100 |    99 |       |       |       |       ||   199
       Tailslap          |     6 |    13 |    18 |    68 |   223 |   265 ||   593
       Hand axe          |       |    28 |   145 |   357 |  1182 |  1465 ||  3177
       Mace              |       |       |       |       |    12 |       ||    12
Throw: Javelin           |       |     1 |       |       |       |       ||     1
Invok: Heroism           |       |       |     5 |     9 |    21 |    26 ||    61
       Finesse           |       |       |       |     3 |     6 |     9 ||    18
       Duel              |       |       |       |       |       |     3 ||     3
 Abil: Rolling Charge    |     1 |    30 |    34 |    42 |   178 |   186 ||   471
Evoke: Wand              |       |       |     1 |     4 |    17 |    11 ||    33
       Lightning rod     |       |       |       |       |     6 |     1 ||     7
  Use: Scroll            |     3 |     7 |     6 |    10 |    14 |    12 ||    52
       Potion            |       |     2 |     1 |     4 |     9 |    12 ||    28
 Stab: Fleeing           |       |       |     1 |       |       |       ||     1
       Invisible         |       |       |       |       |     5 |       ||     5
Armor: Scale mail        |    29 |       |       |       |       |       ||    29
       Ring mail         |    21 |    47 |    24 |    12 |       |       ||   104
       Acid dragon scale |       |       |       |    79 |     7 |       ||    86
       Skin              |       |       |       |     4 |     3 |       ||     7
       Crystal plate arm |       |       |       |       |   374 |   704 ||  1078
Dodge: Dodged            |    44 |    57 |    36 |    83 |   197 |   181 ||   598
Block: Buckler           |    10 |    18 |    16 |    54 |   178 |       ||   276
       Kite shield       |       |       |       |       |    70 |   785 ||   855
       Reflection        |       |       |       |       |       |    58 ||    58
